 Dungeon Crawl Stone Soup version 0.30.1-4-g462c640d31 (webtiles) character file.

Game seed: 6608300129402520323

188380 LynnLen the Unseen (level 17, -2/94 HPs)
             Began as a Spriggan Enchanter on Aug 11, 2023.
             Was the Champion of Dithmenos.
             Slain by a bog body (27 damage)
             ... on level 1 of the Swamp on Aug 12, 2023.
             The game lasted 01:45:02 (34019 turns).

LynnLen the Unseen (Spriggan Enchanter)            Turns: 34019, Time: 01:45:03

Health: -2/94      AC: 19    Str: 11    XL:     17   Next: 47%
Magic:  23/36      EV: 27    Int: 20    God:    Dithmenos [******]
Gold:   728        SH:  5    Dex: 16    Spells: 8/45 levels left

rFire   . . .        a - +12 pair of quick blades "Gyre" and "Gimble" {protect}
rCold   . . .        (shield currently unavailable)
rNeg    . . .        G - +9 steam dragon scales of Vuuxehag {Rampage Drain Str+3 Stlth+}
rPois   +            S - +2 hat of Hedge Wizardry {rCorr}
rElec   .            p - +2 cloak
rCorr   +            (gloves unavailable)
SInv    +            (boots unavailable)
Will    ++...        A - amulet of reflection Stlth *****+++++
                     g - ring of poison resistance
HPRegen 0.35/turn    V - ring of poison resistance
MPRegen 0.25/turn

%: reflection, rampage
@: about to teleport, marked, very slightly contaminated, wreathed by umbra,
studying Transmutations, very quick
A: very small, no large weapons, unfitting armour, see invisible, speed 3
}: 1/15 runes: serpentine
a: Renounce Religion, Shadow Step, Shadow Form


You were on level 1 of the Swamp.
You worshipped Dithmenos.
Dithmenos was exalted by your worship.
You visited 6 branches of the dungeon, and saw 28 of its levels.
You also visited: Gauntlet.

You collected 2909 gold pieces.
You spent 2181 gold pieces at shops.

Inventory:

Hand Weapons
 a - the +12 pair of quick blades "Gyre" and "Gimble" (weapon) {protect}
   (You acquired it on level 5 of the Dungeon)
Missiles
 r - 10 throwing nets
Armour
 p - a +2 cloak (worn)
 G - the +9 steam dragon scales of Vuuxehag (worn) {Rampage Drain Str+3 Stlth+}
   (You bought it in a shop on level 2 of the Orcish Mines)

   Str:       It affects your strength (+3).
   Drain:     It drains your maximum health when unequipped.
   Rampage:   It bestows one free step when moving towards enemies.
   Stlth:     It makes you more stealthy.
 S - the +2 hat of Hedge Wizardry (worn) {rCorr}
   (You found it in a Gauntlet)

   rCorr:     It protects you from acid and corrosion.
Jewellery
 g - a ring of poison resistance (left hand)
 k - a +6 ring of dexterity
 v - a +6 ring of strength
 y - a +5 ring of evasion
 A - an amulet of reflection (around neck)
 H - an amulet of magic regeneration
 J - a +6 ring of strength
 K - a ring of willpower
 N - a ring of protection from fire
 P - a ring of positive energy
 R - a +4 ring of protection
 U - the ring "Mar Ned" {rElec SInv}
   (You found it in a Gauntlet)

   [ring of see invisible]

   rElec:     It insulates you from electricity.
   SInv:      It lets you see invisible.
 V - a ring of poison resistance (right hand)
Wands
 n - a wand of light (24)
 s - a wand of roots (13)
 u - a wand of charming (20)
 z - a wand of flame (34)
 B - a wand of polymorph (5)
 D - a wand of mindburst (10)
 O - a wand of digging (19)
Scrolls
 h - 2 scrolls of amnesia
 j - 5 scrolls of blinking
 t - 9 scrolls of teleportation
 x - 4 scrolls of fear
 F - a scroll of magic mapping
 M - a scroll of fog
 Q - 2 scrolls of vulnerability
 T - 2 scrolls of summoning
Potions
 b - a potion of haste
 c - 2 potions of invisibility
 d - 3 potions of heal wounds
 e - a potion of resistance
 f - 19 potions of curing
 i - 4 potions of might
 l - 4 potions of berserk rage
 m - 3 potions of attraction
 o - 9 potions of lignification
 q - 3 potions of flight
 C - 4 potions of ambrosia
 E - 4 potions of mutation
 L - 3 potions of brilliance
Miscellaneous
 w - a condenser vane
 W - a box of beasts
 X - a phantom mirror
 Y - a phial of floods
 Z - a piece from Xom's chessboard (15/15)


   Skills:
 + Level 12.7 Fighting
 - Level 8.0 Short Blades
 - Level 1.3 Armour
 + Level 15.4 Dodging
 + Level 17.9 Stealth
 + Level 14.7 Spellcasting
 - Level 11.2 Hexes
 + Level 6.0 Summonings
 + Level 15.7 Transmutations
 - Level 4.0 Ice Magic
 * Level 12.1 Invocations


You had 8 spell levels left.
You knew the following spells:

 Your Spells              Type           Power      Damage    Failure   Level
a - Ensorcelled Hibernat  Hex/Ice        90%        N/A       1%          2
b - Confusing Touch       Hex            56%        N/A       1%          3
c - Tukima's Dance        Hex            56%        N/A       1%          3
d - Monstrous Menagerie   Summ           19%        N/A       97%         7
e - Yara's Violent Unrav  Hex/Tmut       31%        3d13      1%          5
f - Poisonous Vapours     Pois/Air       28%        N/A       6%          2
g - Wereblood             Tmut           67%        N/A       0%          2
h - Beastly Appendage     Tmut           100%       N/A       0%          1
i - Dragon's Call         Summ           19%        N/A       100%        9
j - Stone Arrow           Conj/Erth      28%        3d8       13%         3

Your spell library contained the following spells:

 Spells                   Type           Power      Damage    Failure   Level
 Freeze                   Ice            100%       1d10      1%          1
 Summon Small Mammal      Summ           100%       N/A       1%          1
 Call Canine Familiar     Summ           38%        N/A       1%          3
 Dazzling Flash           Conj/Hex       74%        N/A       1%          3
 Portal Projectile        Hex/Tloc       74%        N/A       1%          3
 Spider Form              Tmut/Pois      46%        N/A       1%          3
 Summon Guardian Golem    Hex/Summ       49%        N/A       1%          3
 Cause Fear               Hex            28%        N/A       1%          4
 Petrify                  Tmut/Erth      46%        N/A       1%          4
 Blade Hands              Tmut           33%        N/A       1%          5
 Frozen Ramparts          Ice            60%        1d10      2%          3
 Ozocubu's Armour         Ice            30%        N/A       2%          3
 Summon Mana Viper        Hex/Summ       49%        N/A       3%          5
 Leda's Liquefaction      Hex/Erth       18%        N/A       4%          4
 Hailstorm                Conj/Ice       22%        3d7       5%          3
 Summon Ice Beast         Ice/Summ       34%        N/A       5%          4
 Metabolic Englaciation   Hex/Ice        22%        N/A       5%          5
 Dragon Form              Tmut           33%        N/A       5%          7
 Blink                    Tloc           28%        N/A       6%          2
 Cigotuvi's Dreadful Rot  Necr/Pois/Air  28%        N/A       6%          2
 Lesser Beckoning         Tloc           28%        N/A       6%          2
 Momentum Strike          Conj/Tloc      28%        3d8       6%          2
 Animate Armour           Summ/Erth      52%        N/A       12%         4
 Mephitic Cloud           Conj/Pois/Air  14%        N/A       13%         3
 Vhi's Electric Charge    Tloc/Air       28%        N/A       13%         3
 Statue Form              Tmut/Erth      30%        N/A       26%         6
 Passage of Golubria      Tloc           14%        N/A       38%         4
 Freezing Cloud           Conj/Ice/Air   10%        6-21      56%         5
 Arcjolt                  Conj/Air       7%         1d17      75%         5
 Conjure Ball Lightning   Conj/Air       7%         3x3d6     100%        6
 Plasma Beam              Fire/Air       7%         2x1d19    100%        6
 Ozocubu's Refrigeration  Ice            15%        4d10      100%        7
 Lehudib's Crystal Spear  Conj/Erth      7%         10d3      100%        8
 Maxwell's Capacitive Co  Air            7%         ∞         100%        8


Dungeon Overview and Level Annotations

Branches:
Dungeon (15/15)            Temple (1/1) D:7            Lair (5/5) D:10
  Swamp (1/4) Lair:3        Snake (4/4) Lair:3        Slime (0/5) Lair:5
    Orc (2/2) D:11            Elf (0/3) Orc:2        Vaults (0/5) D:14
 Depths (0/4) D:15        Gauntlet (visited)

Altars:
Ashenzari
Cheibriados
Dithmenos
Elyvilon
Fedhas
Gozag
Hepliaklqana
Kikubaaqudgha
Makhleb
Nemelex Xobeh
Okawaru
Qazlal
Ru
Sif Muna
Trog
Uskayaw
Vehumet
Wu Jian
Xom
Yredelemnul
Zin
The Shining One
Jiyva

Shops:
D:8 *!   Orc:2 !=*[(   Snake:2 (

Portals:
Trove: D:12 (give horn of Geryon)

Annotations:
D:3 2 transporters
D:9 3 runed translucent doors
Snake:2 2 transporters


Innate Abilities, Weirdness & Mutations

You are very small and have problems with some larger weapons.
You are too small for most types of armour.
You have supernaturally acute eyesight. (SInv)
You cover ground extremely quickly. (Speed+++)


Message History

The foxfire hits you!
Aiming: Stone Arrow (dangerous; 13% risk of failure)
Press: ? - help, Q - select action, (/) - cycle Shift-Dir - straight line, f/p - bloated husk
Aim: a bloated husk (lightly damaged, umbra, 89% to hit)
The stone arrow hits the bloated husk!
The bloated husk is severely damaged.
Your shadow mimicks your spell!
The shadow shard hits the bloated husk!
Dithmenos accepts your kill.
The bloated husk explodes!
The blast of putrescent gases engulfs you!!
You emit a cloud of dark smoke.
The blast of putrescent gases engulfs the vampire mosquito!!
The vampire mosquito is destroyed!
The foxfire hits you!
An alligator comes into view.
Unknown command.
Aiming: Stone Arrow (dangerous; 13% risk of failure)
Press: ? - help, Q - select action, (/) - cycle Shift-Dir - straight line, f - bog body
Aim: a bog body (wisps of flame, umbra, 72% to hit)
You miscast Stone Arrow.
Nothing appears to happen.
A vampire mosquito comes into view.
Unknown command.
Aiming: Stone Arrow (dangerous; 13% risk of failure)
Press: ? - help, Q - select action, (/) - cycle Shift-Dir - straight line, f/p - bog body
Aim: a bog body (umbra, 72% to hit)
You miscast Stone Arrow.
Energy rips through your body!
* * * LOW HITPOINT WARNING * * *
A spriggan rider comes into view. It is wielding a +0 spear.
The vampire mosquito misses you.
You feel much better. The vampire mosquito misses you.
Okay, then.
As you read the scroll of teleportation, it crumbles to dust.
You feel strangely unstable. You block the swamp drake's attack.
The will-o-the-wisp gestures.
The will-o-the-wisp conjures some foxfire!
The bog body touches you!
* * * LOW HITPOINT WARNING * * *
You emit a cloud of dark smoke.
The bog body freezes you!!
You die...

♣♣§~~~.~~~~
♣♣.i~i..?~
♣♣~.†..♣♣♣§
♣♣~....y♣
♣~..i...♣♣
♣♣v~w~~~.♣
♣vvty~~.♣
♣♣ntky.~♣♣
♣§§@♣♣♣♣♣
♣♣§§♣ ♣♣♣♣


You could see 2 alligators, 2 spriggan riders, a will-o-the-wisp, a bog body, a
swamp worm, a swamp drake and 2 vampire mosquitoes.

Vanquished Creatures
  Jorgrun (Orc:2)
  Kirke (Lair:5)
  5 nagarajas
  Aizul (Snake:4)
  2 orc warlords
  Nessos (Lair:4)
  A minotaur (Gauntlet)
  2 salamander tyrants
  5 catoblepae
  4 vault guards (D:14)
  6 hydras
  15 anacondas
  6 centaur warriors
  A death knight (D:14)
  3 boulder beetles
  15 naga warriors
  4 two-headed ogres
  11 death yaks (Lair:5)
  A tengu warrior (D:13)
  A vampire mage (D:15)
  3 shock serpents
  4 orc high priests (Orc:2)
  A shock serpent (shapeshifter) (D:12)
  16 naga sharpshooters
  5 skeletal warriors (D:15)
  A fire crab (Gauntlet)
  A storm dragon zombie (D:15)
  3 skysharks
  5 salamander mystics
  7 sea snakes (Snake:3)
  8 naga ritualists
  2 necromancers
  4 orc knights
  10 mana vipers
  16 ugly things
  2 deep elf pyromancers
  2 oklob plants
  5 orc sorcerers (Orc:2)
  7 salamanders
  2 wolf spiders (D:14)
  A fire giant zombie (D:15)
  8 cyclopes
  3 manticores
  A tengu skeleton (D:15)
  An elephant (shapeshifter) (D:15)
  25 naga magi
  3 guardian serpents
  28 black mambas
  A gargoyle (D:10)
  2 cane toads
  An unseen horror (D:11)
  9 komodo dragons
  2 rime drakes
  A kobold demonologist (D:14)
  A tengu conjurer (D:15)
  3 freezing wraiths (D:14)
  2 hornets
  A bloated husk (Swamp:1)
  7 trolls
  A guardian mummy (D:15)
  A polar bear (Lair:5)
  Grinder (D:5)
  5 blink frogs (Lair:3)
  3 slime creatures (D:15)
  A spriggan (shapeshifter) (D:14)
  A shadow (D:12)
  44 yaks
  5 wraiths
  4 wyverns
  7 humans (D:14)
  A steam dragon (D:9)
  5 basilisks
  A dancing weapon (Orc:1)
  3 fire bats (Gauntlet)
  A hog (shapeshifter) (D:9)
  7 vampire mosquitoes
  65 nagas
  Menkaure (D:5)
  4 wargs
  12 water moccasins
  3 acid dragons
  Duvessa (D:4)
  28 orc warriors
  An ice beast (D:6)
  A glowing shapeshifter skeleton (D:15)
  A sky beast (D:6)
  5 ogres
  25 wolves
  6 centaurs
  A phantom (D:5)
  2 kobold brigands (D:9)
  7 bullfrogs
  2 scorpions
  7 gnoll sergeants
  7 wights
  Dowan (D:4)
  5 killer bees (D:11)
  5 electric eels
  7 howler monkeys
  10 hounds
  2 jellies
  23 orc priests
  5 gnoll boudas
  5 iguanas
  25 orc wizards
  40 gnolls
  7 adders
  A shadow imp (D:8)
  3 white imps
  An ufetubus (D:6)
  2 worms
  3 dart slugs
  54 orcs
  3 ball pythons (D:4)
  4 endoplasms
  3 giant cockroaches
  9 goblins
  10 hobgoblins
  5 jackals
  2 quokkas
  3 frilled lizards (D:1)
  14 kobolds
  4 rats
816 creatures vanquished.

Vanquished Creatures (collateral kills)
  A naga ritualist (Snake:4)
  An orc warrior (Orc:1)
  A howler monkey (D:9)
  4 gnolls
  An orc (Orc:1)
8 creatures vanquished.

Vanquished Creatures (others)
  19 dancing weapons
  A vampire mosquito (Swamp:1)
  2 humans
  An electric eel (D:14)
  2 orcs (Orc:2)
  2 foxfires (Swamp:1)
27 creatures vanquished.

Grand Total: 851 creatures vanquished

Notes
Turn   | Place    | Note
-------+----------+-------------------------------------------
     0 | D:1      | LynnLen the Spriggan Enchanter began the quest for the Orb.
     0 | D:1      | Reached XP level 1. HP: 9/9 MP: 5/5
   202 | D:1      | Reached XP level 2. HP: 13/13 MP: 6/6
   496 | D:1      | Learned a level 2 spell: Ensorcelled Hibernation
  1055 | D:2      | Got Sif Muna's Almanac of the Tempest
  1462 | D:2      | Reached XP level 3. HP: 17/17 MP: 8/8
  1466 | D:2      | Learned a level 3 spell: Confusing Touch
  1470 | D:2      | Learned a level 3 spell: Tukima's Dance
  1567 | D:2      | Found an opulent altar of Gozag.
  1797 | D:3      | Found a faded altar of an unknown god.
  1801 | D:3      | Found a shimmering altar of Xom.
  2126 | D:3      | Found a transporter.
  2155 | D:3      | Found a transporter.
  2169 | D:3      | Noticed a small abomination
  2582 | D:3      | Noticed an ancient zyme
  2685 | D:4      | Reached XP level 4. HP: 5/21 MP: 10/10
  2794 | D:4      | Noticed Duvessa
  2794 | D:4      | Noticed Dowan
  3131 | D:4      | Killed Duvessa
  3132 | D:4      | Reached skill level 1 in Fighting
  3132 | D:4      | Reached skill level 5 in Stealth
  3132 | D:4      | Reached skill level 1 in Ice Magic
  3132 | D:4      | Reached XP level 5. HP: 25/25 MP: 5/12
  3140 | D:4      | Killed Dowan
  3247 | D:4      | Reached XP level 6. HP: 30/30 MP: 13/13
  3257 | D:4      | Reached skill level 5 in Hexes
  3789 | D:4      | Found a radiant altar of Vehumet.
  4098 | D:4      | Found a sacrificial altar of Ru.
  4151 | D:5      | Entered Level 5 of the Dungeon
  4152 | D:5      | Identified a scroll of acquirement
  4152 | D:5      | Acquired the +12 pair of quick blades "Gyre" and "Gimble"
                  | {protect}
  4152 | D:5      | Found the +12 pair of quick blades "Gyre" and "Gimble"
                  | {protect}
  4370 | D:5      | Noticed Grinder
  4409 | D:5      | Killed Grinder
  4410 | D:5      | Reached skill level 5 in Spellcasting
  4410 | D:5      | Reached XP level 7. HP: 33/34 MP: 7/15
  4807 | D:5      | Noticed Menkaure
  4826 | D:5      | Killed Menkaure
  4827 | D:5      | Reached skill level 6 in Stealth
  5101 | D:5      | Found a bloodstained altar of Trog.
  5101 | D:5      | Found a hazy altar of Hepliaklqana.
  5336 | D:6      | Reached XP level 8. HP: 39/39 MP: 17/17
  5337 | D:6      | Found an iron altar of Okawaru.
  5348 | D:6      | Noticed a cyclops
  5381 | D:6      | Killed a cyclops
  5382 | D:6      | Reached skill level 5 in Dodging
  5932 | D:7      | Reached skill level 7 in Stealth
  6070 | D:7      | Reached XP level 9. HP: 43/43 MP: 16/20
  6673 | D:7      | Found a staircase to the Ecumenical Temple.
  6689 | Temple   | Entered the Ecumenical Temple
  6873 | Temple   | Became a worshipper of Dithmenos the Shadowed
  7079 | D:7      | Reached skill level 8 in Stealth
  7097 | D:7      | Reached skill level 5 in Short Blades
  7355 | D:7      | Reached * piety under Dithmenos
  7988 | D:8      | Found Seppebu's Distillery.
  7997 | D:8      | Bought a potion of degeneration for 14 gold pieces
  8000 | D:8      | Bought a potion of curing for 42 gold pieces
  8000 | D:8      | Bought a potion of curing for 42 gold pieces
  8012 | D:8      | Identified the +0 buckler of Articulation {Int+4}
  8017 | D:8      | Found Xehagaetz's General Store.
  8548 | D:8      | Reached XP level 10. HP: 49/49 MP: 20/23
  8698 | D:8      | Reached skill level 9 in Stealth
  9129 | D:9      | Found a runed translucent gate.
  9129 | D:9      | Found a runed translucent gate.
  9129 | D:9      | Found a runed translucent gate.
  9130 | D:9      | Noticed a purple ugly thing
  9130 | D:9      | Noticed a red ugly thing
  9131 | D:9      | Noticed a green ugly thing
  9132 | D:9      | Noticed a red ugly thing
  9136 | D:9      | Noticed a red ugly thing
  9322 | D:9      | Noticed a deep elf pyromancer
  9332 | D:9      | Noticed a two-headed ogre
  9410 | D:9      | Noticed a two-headed ogre
  9423 | D:9      | Killed a two-headed ogre
  9423 | D:9      | Reached ** piety under Dithmenos
  9431 | D:9      | Killed a two-headed ogre
  9432 | D:9      | Reached skill level 10 in Stealth
  9704 | D:9      | Found an ancient bone altar of Kikubaaqudgha.
  9979 | D:9      | Killed a deep elf pyromancer
 10113 | D:9      | Reached skill level 5 in Fighting
 10118 | D:9      | Reached XP level 11. HP: 55/55 MP: 25/25
 10391 | D:9      | Found a hide-covered altar of Uskayaw.
 10491 | D:10     | Entered Level 10 of the Dungeon
 10561 | D:10     | Found a broken altar of Ashenzari.
 10586 | D:10     | Found a staircase to the Lair.
 10621 | D:10     | Reached skill level 11 in Stealth
 10645 | D:10     | Learned a level 7 spell: Monstrous Menagerie
 10746 | D:10     | Reached skill level 10 in Spellcasting
 10759 | D:10     | Reached *** piety under Dithmenos
 11197 | D:10     | Reached skill level 10 in Dodging
 11679 | D:11     | Reached XP level 12. HP: 67/67 MP: 27/27
 11767 | D:11     | Found a staircase to the Orcish Mines.
 12176 | D:12     | Found a portal to a secret trove of treasure.
 12413 | D:12     | Reached skill level 1 in Summonings
 12508 | D:12     | Reached skill level 12 in Stealth
 13098 | D:12     | Noticed a two-headed ogre
 13101 | D:12     | Killed a two-headed ogre
 13297 | D:13     | Noticed a tengu warrior
 13462 | D:13     | Noticed a centaur warrior
 13469 | D:13     | Killed a centaur warrior
 13470 | D:13     | Reached skill level 10 in Fighting
 13475 | D:13     | Reached **** piety under Dithmenos
 13539 | D:13     | Learned a level 5 spell: Yara's Violent Unravelling
 13819 | D:13     | Reached skill level 1 in Transmutations
 13893 | D:13     | Reached XP level 13. HP: 72/72 MP: 28/28
 14636 | D:14     | Reached skill level 13 in Stealth
 14942 | D:14     | Reached skill level 1 in Invocations
 15357 | D:14     | Found a gate to the Vaults.
 15359 | D:14     | Reached skill level 5 in Transmutations
 15779 | Lair:1   | Entered Level 1 of the Lair of Beasts
 15843 | Lair:1   | Reached ***** piety under Dithmenos
 17095 | Lair:3   | Found a staircase to the Swamp.
 17478 | Lair:3   | Found a staircase to the Snake Pit.
 17605 | Lair:3   | Reached XP level 14. HP: 77/77 MP: 30/30
 18352 | Lair:3   | Found a transporter.
 18353 | Lair:3   | Found a transporter.
 18366 | Lair:3   | Reached skill level 14 in Stealth
 18533 | Lair:4   | Found a gate leading to a gauntlet.
 18540 | Gauntlet | Entered a Gauntlet
 18540 | Gauntlet | Found a transporter.
 18540 | Gauntlet | Found a transporter.
 18559 | Gauntlet | Found a transporter.
 18563 | Gauntlet | Found a transporter.
 18573 | Gauntlet | Found a transporter.
 18610 | Gauntlet | Found a transporter.
 18625 | Gauntlet | Found a transporter.
 18684 | Gauntlet | Found a transporter.
 18689 | Gauntlet | Found a transporter.
 18699 | Gauntlet | Found a transporter.
 18715 | Gauntlet | Found a transporter.
 18721 | Gauntlet | Found a transporter.
 18799 | Gauntlet | Learned a level 2 spell: Poisonous Vapours
 18802 | Gauntlet | Learned a level 2 spell: Wereblood
 18804 | Gauntlet | Learned a level 1 spell: Beastly Appendage
 18834 | Gauntlet | Identified the +2 hat of Hedge Wizardry {rCorr}
 19066 | Gauntlet | Identified the ring "Mar Ned" {rElec SInv}
 19270 | Lair:4   | Noticed Nessos
 19277 | Lair:4   | Killed Nessos
 19278 | Lair:4   | Reached skill level 5 in Invocations
 19305 | Lair:4   | You fall into a shaft and drop 1 floor!
 19305 | Lair:5   | Entered Level 5 of the Lair of Beasts
 19344 | Lair:5   | Reached skill level 10 in Hexes
 19384 | Lair:5   | Identified the +4 trident of Honour {freeze, rC+ Dex+2}
 20413 | Lair:5   | Found a staircase to the Slime Pits.
 20414 | Lair:5   | Found a viscous altar of Jiyva.
 21621 | Lair:5   | Reached skill level 15 in Stealth
 21621 | Lair:5   | Reached skill level 10 in Transmutations
 21897 | Lair:5   | Noticed Kirke
 21906 | Lair:5   | Killed Kirke
 22131 | Orc:1    | Entered Level 1 of the Orcish Mines
 22133 | Orc:1    | Found Wobuxuorr's Distillery.
 22470 | Orc:1    | Noticed an orc warlord
 22479 | Orc:1    | Reached XP level 15. HP: 83/83 MP: 18/32
 22674 | Orc:1    | Reached ****** piety under Dithmenos
 22879 | Orc:2    | Entered Level 2 of the Orcish Mines
 22917 | Orc:2    | Found Tostroh's Distillery.
 23238 | Orc:2    | Noticed Jorgrun
 23241 | Orc:2    | Killed Jorgrun
 23245 | Orc:2    | Found a staircase to the Elven Halls.
 23698 | Orc:2    | Reached skill level 1 in Armour
 24129 | Orc:2    | Found Somu's General Store.
 24130 | Orc:2    | Found Bibael's Jewellery Shop.
 24132 | Orc:2    | Found Qarphou's Antique Armour Boutique.
 24132 | Orc:2    | Found Herraept's Antique Weapon Boutique.
 24211 | Orc:2    | Bought masterwork steam dragon scales for 1485 gold pieces
 24211 | Orc:2    | Identified the +9 steam dragon scales of Vuuxehag {Rampage
                  | Drain Str+3 Stlth+} (You bought it in a shop on level 2 of
                  | the Orcish Mines)
 24239 | Orc:2    | Bought a book of the Dragon for 598 gold pieces
 24255 | Orc:2    | Learned a level 9 spell: Dragon's Call
 24706 | D:15     | Entered Level 15 of the Dungeon
 24807 | D:15     | Found a staircase to the Depths.
 25868 | Lair:3   | Reached skill level 16 in Stealth
 25881 | Snake:1  | Entered Level 1 of the Snake Pit
 26646 | Snake:1  | Reached XP level 16. HP: 88/88 MP: 34/34
 27069 | Snake:2  | Reached skill level 10 in Invocations
 27193 | Snake:2  | Found a transporter.
 27194 | Snake:2  | Found Gost's Antique Weapon Shoppe.
 27350 | Snake:2  | Found a blossoming altar of Fedhas.
 27352 | Snake:2  | Found a shimmering blue altar of Sif Muna.
 28551 | Snake:2  | Found a transporter.
 28659 | Snake:3  | Learned a level 3 spell: Stone Arrow
 28974 | Snake:3  | Reached skill level 5 in Summonings
 29878 | Snake:3  | Reached skill level 17 in Stealth
 30045 | Snake:4  | Entered Level 4 of the Snake Pit
 30379 | Snake:3  | HP: 2/89 [poisoned by a naga mage (splash of poison)]
 31595 | Snake:4  | Reached skill level 15 in Dodging
 31613 | Snake:4  | Reached XP level 17. HP: 77/94 MP: 22/36
 32090 | Snake:4  | Reached skill level 15 in Transmutations
 32684 | Snake:4  | Noticed Aizul
 33036 | Snake:4  | Killed Aizul
 33704 | Snake:4  | Got a serpentine rune of Zot
 33920 | Swamp:1  | Entered Level 1 of the Swamp
 34019 | Swamp:1  | Slain by a bog body

Illustrated notes

Levels and vault maps discovered:
D:1:      dpeg_arrival_more_subterranean_lakeside_camping, layout_basic,
          minivault_5
D:2:      layout_rooms, basic_altar
D:3:      layout_loops_corners, nicolae_overflow_ecumenical_swirl,
          gammafunk_ghost_abyssal_escape,
          nicolae_concentric_dashed_squares_mild, minmay_door_square
D:4:      wad_river_or_something, layout_basic, kennysheep_mini,
          nicolae_overflow_hidden_temple, kennysheep_small_square, uniq_duvessa
D:5:      layout_basic, gammafunk_temple_overflow_pools, uniq_menkaure,
          uniq_grinder
D:6:      layout_loops_cross, okawaru_ov_weapons_minmay
D:7:      layout_cave_pools, temple_green, serial_gnoll_camp,
          gnoll_camp_huts_moat, gnoll_camp_mini_basic,
          gnoll_camp_mini_loothouse, gnoll_camp_mini_house, gnoll_camp_mini_hut,
          gnoll_camp_mini_house
D:8:      layout_basic, serial_shops, nicolae_square_shop, shop, feat_on_display
D:9:      minmay_opposing_rooms, layout_basic, mainiacjoe_overflow_alcove_2,
          tgw_kikubaaqudgha, ploomutoo_gammafunk_ghost_potion_laboratory,
          kennysheep_cluttered_room
D:10:     layout_basic, lemuel_doored_altar, erik_lair_island
D:11:     layout_irregular_city, orc_0_dummy
D:12:     layout_stronghold, nicolae_trove_entry_diagonal
D:13:     layout_long_grid
D:14:     layout_basic, ximxim_vaults_locker_room, minmay_misc_feat_columns,
          serial_bayou_lagoon_a, minmay_hollow_rounded_squares
D:15:     gammafunk_depths_entry_grave, layout_rooms, nicolae_lava_and_water,
          st_stairs_6
Temple:   oiseaux_autumnal_temple
Lair:1:   layout_cave_pods, lemuel_fruit_tree
Lair:2:   layout_cave_shapes
Lair:3:   gammafunk_boulding_lane, layout_cave_pods, swamp_mist,
          minmay_snake_entry_guardpost_medium, dreamdust_mushroom_princess,
          hibernation_bobbens, serial_bayou_shore_b
Lair:4:   layout_hall_layers, gauntlet_entry_generic, uniq_nessos
Lair:5:   evilmike_catoblepas_cave, layout_cave_pods, slime_entry_1,
          grunt_megastairs_2, serial_bayou_shore_b, uniq_kirke
Swamp:1:  layout_basic_swamp, basic_altar
Snake:1:  layout_basic, drop_trap
Snake:2:  layout_layer_cave, serial_shops, nicolae_shop_drivethru, basic_altar,
          st_stairs_13, lemuel_oklob_altar
Snake:3:  layout_misc_corridors, statue_in_the_mist_lemuel, grunt_ministairs_4,
          serial_bayou_pond_a, serial_bayou_lagoon_b
Snake:4:  snake_pit, layout_misc_corridors, uniq_aizul
Orc:1:    layout_caves, serial_shops, nicolae_shop_tiny_statue_garden
Orc:2:    st_orc_congregation, layout_diamond_mine, serial_shops,
          nicolae_shop_just_a_little_nook, uniq_jorgrun

Skill      XL: |  1  2  3  4  5  6  7  8  9 10 11 12 13 14 15 16 17 |
---------------+----------------------------------------------------+-----
Spellcasting   | 3 4 5 6 8 9 10 11 12 13 14 | 14.7
Hexes          | 4 5 6 7 8 9 10 11 | 11.2
Dodging        | 3 4 5 7 8 10 12 13 14 15 | 15.4
Fighting       | 1 2 3 5 9 10 11 12 | 12.7
Short Blades   | 2 3 4 6 8 |  8.0
Stealth        | 5 6 7 8 10 11 12 13 15 16 17 | 17.9
Ice Magic      | 1 2 3 4 |  4.0
Summonings     | 2 3 4 5 6 |  6.0
Transmutations | 1 6 10 12 14 15 | 15.7
Invocations    | 4 7 9 11 12 | 12.1
Armour         | 1 |  1.3

Action                     |  1- 3 |  4- 6 |  7- 9 | 10-12 | 13-15 | 16-18 || total
---------------------------+-------+-------+-------+-------+-------+-------++-------
  Melee: Dagger            |   117 |    18 |       |       |       |       ||   135
         Punch             |     3 |       |       |       |       |       ||     3
         Short sword       |       |    47 |       |       |       |       ||    47
         Pair of quick bla |       |    10 |   187 |   293 |  1083 |   775 ||  2348
         Kick              |       |       |       |       |     5 |       ||     5
         Headbutt          |       |       |       |       |     2 |       ||     2
   Cast: Ensorcelled Hiber |     5 |     9 |     6 |     5 |     1 |       ||    26
         Tukima's Dance    |       |     6 |    30 |    17 |    26 |    26 ||   105
         Confusing Touch   |       |     4 |    22 |    17 |    61 |    13 ||   117
         Yara's Violent Un |       |       |       |       |     6 |    28 ||    34
         Beastly Appendage |       |       |       |       |     2 |       ||     2
         Poisonous Vapours |       |       |       |       |     2 |       ||     2
         Wereblood         |       |       |       |       |     1 |       ||     1
         Stone Arrow       |       |       |       |       |       |     5 ||     5
 Invoke: Shadow Step       |       |       |       |       |     1 |     4 ||     5
  Evoke: Wand              |       |       |       |       |     1 |       ||     1
    Use: Scroll            |     2 |     6 |     4 |     7 |    13 |     2 ||    34
         Potion            |       |     1 |     1 |     2 |     7 |     5 ||    16
   Stab: Sleeping          |     9 |     9 |    14 |    18 |    69 |    27 ||   146
         Confused          |       |     4 |    17 |    20 |    87 |    11 ||   139
         Distracted        |       |     1 |       |     1 |     5 |     5 ||    12
         Invisible         |       |       |       |     7 |    13 |       ||    20
 Armour: Robe              |    12 |     7 |    14 |     8 |    24 |       ||    65
         Steam dragon scal |       |       |       |       |    16 |    80 ||    96
         Troll leather arm |       |       |       |       |    12 |       ||    12
  Dodge: Dodged            |    64 |    34 |    95 |    91 |   446 |   375 ||  1105
  Block: Other             |       |       |       |    12 |    87 |    66 ||   165
         Reflection        |       |       |       |       |     6 |    10 ||    16
